 Dungeon Crawl Stone Soup version 0.27.1 (webtiles) character file.

Game seed: 1639425997011667752

150 calewdscratch the Sneak (level 5, 0/28 HPs)
             Began as a Kobold Enchanter on Sept 1, 2021.
             Slain by Terence (2 damage)
             ... on level 3 of the Dungeon.
             The game lasted 00:35:05 (3903 turns).

calewdscratch the Sneak (Kobold Enchanter)          Turns: 3903, Time: 00:35:05

Health: 0/28       AC:  7    Str:  6    XL:     5   Next: 58%
Magic:  4/8        EV: 15    Int: 16    God:
Gold:   90         SH:  0    Dex: 16    Spells: 5/8 levels left

rFire    . . .     SeeInvis .   a - +1 dagger
rCold    . . .     Faith    .   (shield restricted)
rNeg     . . .     Spirit   .   b - +0 robe
rPois    .         Reflect  .   (helmet restricted)
rElec    .         Harm     .   (no cloak)
rCorr    .         Rampage  .   d - +0 pair of gloves
Will     .....                  (no boots)
Stlth    ++++......             (no amulet)
HPRegen  0.09/turn              h - +4 ring of slaying
MPRegen  0.11/turn              f - ring of flight

@: flying
A: small, no large weapons, nightstalker 3, antennae 1, iridescent scales 2
a: no special abilities


You were on level 3 of the Dungeon.
You visited 1 branch of the dungeon, and saw 6 of its levels.

You collected 90 gold pieces.

Inventory:

Hand Weapons
 a - a +1 dagger (weapon)
Missiles
 m - 16 bolts
 n - 37 arrows
Armour
 b - a +0 robe (worn)
 d - a +0 pair of gloves (worn)
 t - a +0 leather armour
Jewellery
 e - a ring of ice
 f - a ring of flight (right hand)
 h - a +4 ring of slaying (left hand)
Scrolls
 c - a scroll of identify {unknown}
 j - a scroll of summoning {unknown}
 o - a scroll of enchant armour {unknown}
Potions
 g - 3 potions of lignification
 i - a potion of degeneration {unknown}
 k - a potion of might {unknown}
 l - a potion of mutation
 p - a potion of attraction {unknown}
 q - a potion of haste {unknown}
 r - a potion of flight {unknown}
 s - a potion of invisibility {unknown}


   Skills:
 + Level 4.7 Short Blades
 - Level 2.4 Dodging
 + Level 6.4 Stealth
 - Level 2.1 Spellcasting
 - Level 3.0 Hexes


You had 5 spell levels left.
You knew the following spells:

 Your Spells              Type           Power      Damage    Failure   Level
a - Corona                Hex            12%        N/A       6%          1
b - Ensorcelled Hibernat  Hex/Ice        12%        N/A       17%         2

Your spell library contained the following spells:

 Spells                   Type           Power      Damage    Failure   Level
 Confusing Touch          Hex            11%        N/A       19%         3
 Tukima's Dance           Hex            11%        N/A       19%         3
 Dazzling Flash           Conj/Hex       12%        N/A       32%         3


Dungeon Overview and Level Annotations

Branches:
Dungeon (6/15)
 Temple: D:4-7

Altars:
Fedhas
Wu Jian
Yredelemnul

Shops:
D:3 [

Annotations:
D:3 Terence


Innate Abilities, Weirdness & Mutations

You are small and have problems with some larger weapons.
You are completely attuned to the shadows.
You have a pair of small antennae on your head.
You are mostly covered in iridescent scales. (AC +4)


Message History

Your +0 robe melds into your body.
Your roots penetrate the ground.
Terence hits you with a +0 flail.
* * * LOW HITPOINT WARNING * * *
Terence is nearby!
Terence barely misses you. Terence hits you with a +0 flail.
* * * LOW HITPOINT WARNING * * *
Terence hits you but does no damage. Terence hits you but does no damage.
Terence hits you but does no damage. Terence hits you but does no damage.
Terence hits you but does no damage. Terence hits you with a +0 flail.
* * * LOW HITPOINT WARNING * * *
Terence barely misses you. Terence hits you but does no damage.
Your transformation is almost over.
Terence asks, "Do you want it fast or slow?"
Terence hits you but does no damage. Terence hits you but does no damage.
Casting: Ensorcelled Hibernation (safe; 17% risk of failure)
Confirm with . or Enter, or press ? or * to list all spells.
Aiming: Ensorcelled Hibernation (safe; 17% risk of failure)
Press: ? - help, Shift-Dir - straight line, f/p - Terence
Aim: Terence, wielding a +0 flail and wearing a +0 chain mail (moderately wounded, chance to affect: 47%)
Okay, then.
Terence hits you but does no damage. Terence hits you but does no damage.
Terence hits you but does no damage. Terence shouts, "Now you die!"
Terence hits you but does no damage. Terence hits you but does no damage.
Terence hits you but does no damage. Terence hits you but does no damage.
Terence hits you but does no damage.
You feel less wooden.
Your +0 pair of gloves unmelds from your body.
Your +0 robe unmelds from your body.
Terence barely misses you. Terence hits you with a +0 flail.
You die...

.... .@.. ####
.... #..# ...$
#.># .... ##.#
.... #.# ....
#)#
#....########
#.# ._.........#
#@#
.._.......####@#
......)..)....#
.._...)..######
.........#
...####### .. .


You could see Terence.

Vanquished Creatures
  Jessica (D:3)
  3 gnolls (D:3)
  2 adders (D:2)
  A worm (D:2)
  2 dart slugs
  3 orcs (D:3)
  9 endoplasms
  A giant cockroach (D:2)
  3 goblins
  3 hobgoblins
  6 jackals
  6 quokkas
  9 ball pythons
  9 bats
  2 frilled lizards (D:1)
  A kobold (D:1)
  3 rats
64 creatures vanquished.

Vanquished Creatures (others)
  3 plants (D:3)
3 creatures vanquished.

Grand Total: 67 creatures vanquished

Notes
Turn   | Place    | Note
-------+----------+-------------------------------------------
     0 | D:1      | calewdscratch the Kobold Enchanter began the quest for the
                  | Orb.
     0 | D:1      | Reached XP level 1. HP: 10/10 MP: 3/3
   133 | D:1      | Found a faded altar of an unknown god.
   280 | D:1      | Reached XP level 2. HP: 15/15 MP: 3/5
   304 | D:1      | Learned a level 2 spell: Ensorcelled Hibernation
   873 | D:1      | Reached XP level 3. HP: 19/19 MP: 6/6
  1188 | D:1      | Reached skill level 5 in Stealth
  1752 | D:2      | Reached XP level 4. HP: 24/24 MP: 7/7
  3286 | D:3      | Noticed Jessica
  3291 | D:3      | Killed Jessica
  3292 | D:3      | Reached skill level 6 in Stealth
  3292 | D:3      | Reached XP level 5. HP: 28/28 MP: 8/8
  3400 | D:3      | Found Ypuck's Armour Boutique.
  3416 | D:3      | Found a basalt altar of Yredelemnul.
  3419 | D:3      | Noticed Terence
  3513 | D:3      | You are sucked into a shaft and drop 3 floors!
  3519 | D:5      | Entered Level 5 of the Dungeon
  3519 | D:5      | Noticed a phantom
  3559 | D:3      | Found an ornate altar of the Wu Jian Council.
  3560 | D:3      | Found a blossoming altar of Fedhas.
  3566 | D:3      | Gained mutation: You are partially covered in iridescent
                  | scales. (AC +2) [potion of mutation]
  3566 | D:3      | Gained mutation: You are mostly covered in iridescent
                  | scales. (AC +4) [potion of mutation]
  3566 | D:3      | Gained mutation: You have a pair of small antennae on your
                  | head. [potion of mutation]
  3883 | D:3      | HP: 1/42 [Terence (2)]
  3889 | D:3      | HP: 1/42 [Terence (1)]
  3903 | D:3      | Slain by Terence

Illustrated notes

Levels and vault maps discovered:
D:1:      dpeg_arrival_simpleton_a, layout_loops_cross,
          ebering_ecumenical_altar_sacrificial
D:2:      layout_basic, solitary_fountain, supply_closet_lemuel,
          hangedman_decor_points, st_stairs_14, grunt_decor_mini_mirrors,
          minmay_pentomino_v2
D:3:      layout_basic, grunt_temple_overflow_open,
          ebering_ghost_reflecting_pool, serial_shops, shop_fountains,
          serial_bayou_ford_a, uniq_jessica, uniq_terence
D:4:      minmay_chambers_of_fours, layout_cave_pools,
          nicolae_overflow_hidden_temple, fiery_altar_vehumet, minmay_circle_x
D:5:      layout_rooms, temple_green, uniq_blork_the_orc
D:6:      minmay_recursive_quarters, layout_cave_pools

Skill      XL: |  1  2  3  4 |
---------------+-------------+-----
Short Blades   | 2 3 4 |  4.7
Stealth        | 5 6 |  6.4
Dodging        | |  2.4
Spellcasting   | |  2.1
Hexes          | |  3.0

Action                   |  1- 3 |  4- 6 || total
-------------------------+-------+-------++-------
Melee: Dagger            |    86 |    64 ||   150
 Cast: Corona            |     8 |     1 ||     9
       Ensorcelled Hiber |    12 |    15 ||    27
  Use: Potion            |       |     2 ||     2
 Stab: Sleeping          |    24 |    21 ||    45
Armor: Robe              |     8 |    10 ||    18
       Skin              |       |    16 ||    16
Dodge: Dodged            |    52 |    56 ||   108
